 Dungeon Crawl Stone Soup version 0.28.0-1-gb440e238dd (webtiles) character file.

Game seed: 7397391344984070469

58 Ablot the Grasshopper (level 4, 0/38 HPs)
             Began as a Gnoll Warper on Feb 19, 2022.
             Slain by an orc (8 damage)
             ... on level 5 of the Dungeon.
             The game lasted 00:02:48 (2430 turns).

Ablot the Grasshopper (Gnoll Warper)                Turns: 2430, Time: 00:02:48

Health: 0/38       AC:  5    Str: 12    XL:     4   Next: 2%
Magic:  11/11      EV: 12    Int: 13    God:
Gold:   54         SH:  0    Dex: 11    Spells: 11/13 levels left

rFire   . . .      SeeInvis .   a - +0 trident
rCold   . . .      Faith    .   (no shield)
rNeg    . . .      Spirit   .   b - +0 leather armour
rPois   .          Reflect  .   (no helmet)
rElec   .          Harm     .   k - +0 cloak
rCorr   .          Rampage  .   (no gloves)
Will    .....                   g - +0 pair of boots
Stlth   +.........              (no amulet)
HPRegen 0.12/turn               (no ring)
MPRegen 0.12/turn               (no ring)

@: no status effects
A: fangs 1, strong nose, distributed training
a: no special abilities


You were on level 5 of the Dungeon.
You visited 1 branch of the dungeon, and saw 4 of its levels.

You collected 54 gold pieces.

Inventory:

Hand Weapons
 a - a +0 trident (weapon)
Missiles
 d - 5 boomerangs of dispersal (quivered)
 f - 13 arrows
 i - 18 bolts
 j - 51 stones
Armour
 b - a +0 leather armour (worn)
 g - a +0 pair of boots (worn)
 k - a +0 cloak (worn)
Scrolls
 c - a scroll of blinking
 e - a scroll of torment {unknown}
 n - a scroll of teleportation {unknown}
 o - a scroll of summoning {unknown}
 p - a scroll of identify {unknown}
Potions
 h - a potion of magic {unknown}
 l - a potion of might {unknown}
 m - a potion of invisibility {unknown}


   Skills:
 + Level 4.6 Fighting
 + Level 1.0 Short Blades
 + Level 1.0 Long Blades
 + Level 1.0 Axes
 + Level 1.0 Maces & Flails
 + Level 4.6 Polearms
 + Level 1.0 Staves
 + Level 1.0 Slings
 + Level 1.0 Bows
 + Level 1.0 Crossbows
 + Level 2.7 Throwing
 + Level 2.7 Armour
 + Level 4.6 Dodging
 + Level 1.0 Stealth
 + Level 1.0 Shields
 + Level 1.0 Unarmed Combat
 + Level 5.0 Spellcasting
 + Level 0.7 Conjurations
 + Level 0.7 Hexes
 + Level 0.7 Summonings
 + Level 0.7 Necromancy
 + Level 5.4 Translocations
 + Level 0.7 Transmutations
 + Level 0.7 Fire Magic
 + Level 0.7 Ice Magic
 + Level 0.7 Air Magic
 + Level 0.7 Earth Magic
 + Level 0.7 Poison Magic
 + Level 1.1 Invocations
 + Level 1.0 Evocations


You had 11 spell levels left.
You knew the following spells:

 Your Spells              Type           Power      Damage    Failure   Level
a - Blink                 Tloc           34%        N/A       3%          2

Your spell library contained the following spells:

 Spells                   Type           Power      Damage    Failure   Level
 Gell's Gravitas          Tloc           17%        N/A       8%          3
 Lesser Beckoning         Tloc           17%        N/A       8%          3
 Teleport Other           Tloc           17%        N/A       8%          3
 Manifold Assault         Tloc           17%        N/A       56%         5


Dungeon Overview and Level Annotations

Branches:
Dungeon (3/15)

Altars:
Uskayaw


Innate Abilities, Weirdness & Mutations

You have very sharp teeth.
Your uncanny sense of smell can sniff out nearby items.
Your experience applies equally to all skills.


Message History

You are too injured to fight recklessly!
You are too injured to fight recklessly!
You are too injured to fight recklessly!
You are too injured to fight recklessly!
You are too injured to fight recklessly!
You are too injured to fight recklessly!
You are too injured to fight recklessly!
You are too injured to fight recklessly!
You are too injured to fight recklessly!
You hit the orc but do no damage. The orc barely misses you.
You hit the orc.
The orc is heavily wounded.
The orc hits you with a +0 flail.
You barely miss the orc.
The orc is heavily wounded.
The orc closely misses you.
You puncture the orc!
You kill the orc!
You have reached level 4!
You feel clever.
You barely miss the orc.
The orc is heavily wounded.
The orc hits you with a +0 flail.
You hit the orc.
The orc is severely wounded.
The orc completely misses you.
You closely miss the orc.
The orc is severely wounded.
The orc barely misses you.
You completely miss the orc.
The orc is severely wounded.
The orc misses you.
You closely miss the orc. You bite the orc, but do no damage.
The orc is severely wounded.
The orc hits you with a +0 flail.
* * * LOW HITPOINT WARNING * * *
You barely miss the orc.
The orc is severely wounded.
The orc hits you with a +0 flail!
You die...

# #######
.####.###.....#
∆∆
.....ooo@.....+
∆
.....o###.....#
##### #.....#
#######.....#
#...........#
#.......†#### ∆
#........#
#........#
#........#


You could see 4 orcs.

Vanquished Creatures
  3 adders
  An orc (D:5)
  2 bats
  5 endoplasms
  3 goblins
  3 hobgoblins (D:2)
  2 kobolds (D:1)
  A quokka (D:2)
  4 ball pythons
  A frilled lizard (D:2)
  5 rats
30 creatures vanquished.

Notes
Turn   | Place    | Note
-------+----------+-------------------------------------------
     0 | D:1      | Ablot the Gnoll Warper began the quest for the Orb.
     0 | D:1      | Reached XP level 1. HP: 20/20 MP: 6/6
   403 | D:1      | Reached XP level 2. HP: 24/26 MP: 7/7
   406 | D:1      | Learned a level 2 spell: Blink
  1289 | D:2      | Reached XP level 3. HP: 31/31 MP: 9/9
  1416 | D:2      | Reached skill level 5 in Spellcasting
  1765 | D:2      | Reached skill level 1 in Invocations
  2331 | D:3      | Found a hide-covered altar of Uskayaw.
  2331 | D:3      | Noticed a +0 dagger
  2331 | D:3      | Noticed a +0 short sword
  2332 | D:3      | Noticed a +0 spear
  2332 | D:3      | Noticed a +0 falchion
  2332 | D:3      | Noticed a +0 dagger
  2334 | D:3      | Noticed a +0 spear
  2334 | D:3      | Noticed a +0 falchion
  2334 | D:3      | Noticed a +0 short sword
  2396 | D:3      | You fall into a shaft and drop 2 floors!
  2396 | D:5      | Entered Level 5 of the Dungeon
  2405 | D:5      | Reached skill level 1 in Short Blades
  2405 | D:5      | Reached skill level 1 in Long Blades
  2405 | D:5      | Reached skill level 1 in Axes
  2405 | D:5      | Reached skill level 1 in Maces & Flails
  2405 | D:5      | Reached skill level 1 in Staves
  2405 | D:5      | Reached skill level 1 in Slings
  2405 | D:5      | Reached skill level 1 in Bows
  2405 | D:5      | Reached skill level 1 in Crossbows
  2405 | D:5      | Reached skill level 1 in Stealth
  2405 | D:5      | Reached skill level 1 in Shields
  2405 | D:5      | Reached skill level 1 in Unarmed Combat
  2405 | D:5      | Reached skill level 1 in Evocations
  2425 | D:5      | Reached XP level 4. HP: 16/38 MP: 11/11
  2430 | D:5      | Slain by an orc

Illustrated notes

Levels and vault maps discovered:
D:1:      minmay_arrival_three_doors, layout_loops_corners, solitary_fountain,
          st_stairs_13
D:2:      layout_basic
D:3:      layout_basic, nicolae_uskayaw_en_pointe, ebering_ghost_inner_flame
D:5:      layout_basic, tgw_kikubaaqudgha, mainiacjoe_overflow_surrounded_room,
          mainiacjoe_overflow_chevrons, zin_angel

Skill      XL: |  1  2  3 |
---------------+----------+-----
Spellcasting   | 5 |  5.0
Invocations    | 1 |  1.1
Short Blades   | 1 |  1.0
Long Blades    | 1 |  1.0
Axes           | 1 |  1.0
Maces & Flails | 1 |  1.0
Staves         | 1 |  1.0
Slings         | 1 |  1.0
Bows           | 1 |  1.0
Crossbows      | 1 |  1.0
Stealth        | 1 |  1.0
Shields        | 1 |  1.0
Unarmed Combat | 1 |  1.0
Evocations     | 1 |  1.0
Fighting       | |  4.6
Polearms       | |  4.6
Throwing       | |  2.7
Armour         | |  2.7
Dodging        | |  4.6
Conjurations   | |  0.7
Hexes          | |  0.7
Summonings     | |  0.7
Necromancy     | |  0.7
Translocations | |  5.4
Transmutations | |  0.7
Fire Magic     | |  0.7
Ice Magic      | |  0.7
Air Magic      | |  0.7
Earth Magic    | |  0.7
Poison Magic   | |  0.7

Action                   |  1- 3 |  4- 6 || total
-------------------------+-------+-------++-------
Melee: Spear             |    45 |       ||    45
       Bite              |     8 |     1 ||     9
       Trident           |    70 |     6 ||    76
 Stab: Sleeping          |     2 |       ||     2
Armor: Leather armour    |    28 |       ||    28
Dodge: Dodged            |    47 |     3 ||    50
